AoeStats
← santyguasta

Black Forest

510453097Analyzed
3v3 RM · 9h ago on Oct 1, 2026· 30m 36s· 6 players
Game mode
Random Map
Map size
Normal (6 player)
Population
200
Speed
Normal
Resources
Standard
Victory
Conquest
Starting age
Dark Age
Ending age
Imperial Age
RankedLock teamsTeams togetherTeam positionsShared explorationLock speedFull tech treeHidden civsTurbo modeCheats
Victory
Defeat
🇲🇽 Britons · Mexico
632
+8
🇲🇽 Goths · Mexico
565
+11
🇲🇽 Franks · Mexico
537
+12
🇨🇱 Mapuche · Chile
497
-12
🇦🇷 Britons · Argentina
437
-10
🇦🇷 Romans · Argentina
413
-9
cvarascaica
0:30 Loom
16:23 Feudal Age
16:53 Double-Bit Axe
16:49 Horse Collar
17:51 Wheelbarrow
19:32 Gold Mining
19:09 Champi Runner
19:52 Town Watch
27:33 Castle Age
26:18 Arson
26:56 Stone Mining
27:22 Forging
27:13 Scale Mail Armor
27:05 Fletching
27:16 Padded Archer Armor
28:36 Bow Saw
28:27 Heavy Plow
27:48 Pikeman
29:04 Gold Shaft Mining
29:06 Stone Shaft Mining
29:21 Hand Cart
30:07 Town Patrol
santyguasta
14:31 Feudal Age
16:40 Double-Bit Axe
17:52 Man-at-Arms
21:49 Wheelbarrow
25:09 Horse Collar
Ceroleni
7:54 Loom
27:48 Feudal Age
carlosedwin97
12:19 Feudal Age
14:21 Double-Bit Axe
23:08 Castle Age
22:04 Gold Mining
23:26 Scale Barding Armor
Barraza1173
11:17 Feudal Age
11:18 Man-at-Arms
12:33 Arson
13:30 Wheelbarrow
14:02 Horse Collar
16:22 Town Watch
19:08 Gold Mining
22:17 Castle Age
21:14 Forging
22:00 Fletching
22:11 Padded Archer Armor
23:13 Long Swordsman
23:58 Double-Bit Axe
28:02 Hand Cart
xXquique45Xx
4:25 Loom
14:23 Feudal Age
16:55 Wheelbarrow
20:49 Castle Age
21:07 Double-Bit Axe
21:50 Gold Mining
21:51 Stone Mining
21:46 Horse Collar
22:09 Scale Mail Armor
23:17 Man-at-Arms
26:50 Stone Shaft Mining
28:59 Hand Cart
28:39 Long Swordsman
29:37 Bow Saw
33:36 Imperial Age
33:44 Imperial Age
Connection lost

Rejoining the realm…

Still unreachable

The connection could not be restored.

Session expired

The server has moved on; the page needs a fresh start.